 Dungeon Crawl Stone Soup version 0.31-a0-435-g2c6fae2 (webtiles) character file.

Game seed: 13314943153248304508

754 Dorkslayer the Ruffian (level 7, -22/66 HPs)
             Began as a Troll Shapeshifter on July 31, 2023.
             Annihilated by an ogre
             ... wielding a +0 giant club
              (33 damage)
             ... on level 5 of the Dungeon.
             The game lasted 00:08:28 (3139 turns).

Dorkslayer the Ruffian (Troll Shapeshifter)         Turns: 3139, Time: 00:08:28

Health: -22/66     AC:  4    Str: 24    XL:     7   Next: 49%
Magic:  6/6        EV: 10    Int:  4    God:
Gold:   186        SH:  0    Dex: 12    Spells: 6/6 levels left

rFire   . .          .
                       - Unarmed
rCold   . . .        (no shield)
rNeg    . . .        a - +0 animal skin
rPois   .            (helmet currently unavailable)
rElec   .            (cloak currently unavailable)
rCorr   .            (gloves unavailable)
SInv    .            (boots unavailable)
Will    .....        (no amulet)
Stlth   +            k - ring of flight
HPRegen 1.11/turn    (no ring)
MPRegen 0.10/turn

%: no passive effects
@: about to teleport, beast-form, flying
A: beast (slay +2), large, unfitting armour, claws 3, regeneration 1, shaggy fur
1, tough skin 1
a: Begin Untransformation


You were on level 5 of the Dungeon.
You were a hulking beast.
You visited 1 branch of the dungeon, and saw 5 of its levels.

You collected 186 gold pieces.

Inventory:

Missiles
 m - 3 boomerangs (quivered)
Armour
 a - a +0 animal skin (worn)
Jewellery
 k - a ring of flight (left claw)
Talismans
 c - a beast talisman (active)
Wands
 o - a wand of flame (15)
Scrolls
 h - a scroll of silence
 l - 2 scrolls of enchant weapon {unknown}
 q - 2 scrolls of teleportation
 s - 2 scrolls of vulnerability {unknown}
Potions
 b - a potion of lignification
 e - a potion of magic
 f - a potion of resistance {unknown}
 g - a potion of mutation {unknown}
 j - a potion of invisibility {unknown}
 r - a potion of attraction {unknown}


   Skills:
 * Level 2.6 Fighting
 * Level 3.6 Dodging
 + Level 0.6 Stealth
 + Level 5.3 Unarmed Combat
 * Level 1.8 Evocations
 + Level 4.2 Shapeshifting


You had 6 spell levels left.
You didn't know any spells.
Your spell library contained the following spells:

 Spells                   Type           Power      Damage    Failure   Level
 Dazzling Flash           Conj/Hex       0%         N/A       86%         3
 Tukima's Dance           Hex            0%         N/A       86%         3
 Olgreb's Toxic Radiance  Pois           0%         N/A       99%         4
 Passage of Golubria      Tloc           0%         N/A       99%         4
 Agony                    Necr           0%         N/A       100%        5
 Silence                  Hex/Air        0%         N/A       100%        5
 Yara's Violent Unravell  Hex/Tmut       0%         3d3       100%        5
 Discord                  Hex            0%         N/A       100%        8
 Ignition                 Fire           0%         3d3       100%        8


Dungeon Overview and Level Annotations

Branches:
Dungeon (5/15)
 Temple: D:4-7

Altars:
Qazlal
Uskayaw
Xom
Zin


Innate Abilities, Weirdness & Mutations

You are a hulking beast.
Your limbs bulge with bestial killing power. (Slay +2)
You are too large for most types of armour.
You have claws for hands.
Your natural rate of healing is unusually fast.
You are covered in fur. (AC +1)
You have tough skin. (AC +1)


Message History

You see here 7 gold pieces.
You see here 7 gold pieces.
You now have 186 gold pieces (gained 7).
Found a scroll of identify.
An ogre comes into view. It is wielding a +0 giant club.
The scorpion stings you.
You barely miss the scorpion. The scorpion stings you.
You scratch the scorpion.
The scorpion is moderately wounded.
The scorpion stings you. x2
You claw the scorpion!
The scorpion is almost dead.
The scorpion stings you.
You closely miss the scorpion.
The scorpion is almost dead.
The scorpion stings you!
You scratch the ogre.
The ogre is lightly wounded.
The scorpion stings you!
The ogre hits you with a +0 giant club!!
You completely miss the ogre.
The ogre is lightly wounded.
The scorpion closely misses you.
You completely miss the ogre. Your claw misses the ogre.
The ogre is lightly wounded.
The ogre hits you with a +0 giant club!
* * * LOW HITPOINT WARNING * * *
The scorpion stings you.
* * * LOW HITPOINT WARNING * * *
You are lethally poisoned!
The scorpion poisons you!
You feel better. The scorpion barely misses you. The ogre barely misses you.
Okay, then.
As you read the scroll of teleportation, it crumbles to dust.
You feel strangely unstable. The scorpion stings you.
* * * LOW HITPOINT WARNING * * *
The ogre attacks as you move away!
The ogre hits you with a +0 giant club!!
Ouch! That really hurt!
You die...

**~* *~~**,,,,,,,,,,*,*,,,,,,,,,,
**~* *~~~#..##,,,,..,...,,,,,,,,,
**~***~~~#....**,#.##...,,,,,,,,,
~****~~*~*....##*....?...,,,,,,,*
~* **~~*~*,#....#.........,,,*,**
~* *~~****,#........##.....,**,,*
~* *~~***..#.....#...........,,,,
~* *~~**,...#..Os............,,,,
~* **~**,.......h............,,,,
,* *~**,..........>.........,,,,
,* *~~**#.............PPPP.P,,,,
** *~~**#......#......PPPPPPP...
* **~~*.....####..........PP... *
*~~~#...#* #...........PP... **
**~,##.#* #...#.####..PP... ,***
*~,##.######..#....#..PP...
,,,*****,#..####......._.#..PP...


You could see an ogre and a scorpion.

Vanquished Creatures
  A black bear (D:5)
  2 phantoms (D:4)
  A scorpion (D:3)
  2 jellies (D:4)
  An orc priest (D:4)
  Jessica (D:3)
  Ijyb (D:3)
  A sleepcap (D:5)
  Natasha (thrice) (D:3)
  3 orc wizards (D:4)
  3 gnolls (D:4)
  3 adders
  A worm (D:2)
  A dart slug (D:2)
  11 orcs
  3 endoplasms
  6 giant cockroaches
  5 goblins
  7 hobgoblins
  7 jackals (D:2)
  10 kobolds
  3 quokkas
  9 ball pythons
  4 bats
  4 rats
93 creatures vanquished.

Notes
Turn   | Place    | Note
-------+----------+-------------------------------------------
     0 | D:1      | Dorkslayer the Troll Shapeshifter began the quest for the
                  | Orb.
     0 | D:1      | Reached XP level 1. HP: 18/18 MP: 0/0
   158 | D:1      | Reached skill level 1 in Fighting
   158 | D:1      | Reached XP level 2. HP: 27/27 MP: 1/1
   176 | D:1      | Found a faded altar of an unknown god.
   559 | D:2      | Reached XP level 3. HP: 32/33 MP: 2/2
  1178 | D:3      | Noticed a scorpion
  1181 | D:3      | Killed a scorpion
  1182 | D:3      | Reached XP level 4. HP: 41/41 MP: 3/3
  1245 | D:3      | Reached XP level 5. HP: 24/49 MP: 4/4
  1284 | D:3      | Found a hide-covered altar of Uskayaw.
  1293 | D:3      | Noticed Jessica
  1303 | D:3      | Killed Jessica
  1304 | D:3      | Reached skill level 4 in Unarmed Combat
  1520 | D:3      | Noticed Ijyb
  1533 | D:3      | Killed Ijyb
  1631 | D:3      | Noticed Natasha
  1637 | D:3      | Killed Natasha
  1729 | D:3      | Noticed Natasha
  1735 | D:3      | Killed Natasha
  1863 | D:3      | Noticed Natasha
  1869 | D:3      | Killed Natasha
  1870 | D:3      | Reached XP level 6. HP: 56/57 MP: 5/5
  2133 | D:4      | Reached skill level 1 in Evocations
  2361 | D:4      | Found a shimmering altar of Xom.
  2394 | D:4      | Reached XP level 7. HP: 54/65 MP: 6/6
  2488 | D:4      | Identified the +0 pair of gloves of the Baker {rC++ Dex+5}
  2501 | D:4      | Reached skill level 5 in Unarmed Combat
  2864 | D:5      | Entered Level 5 of the Dungeon
  3015 | D:5      | Found a glowing silver altar of Zin.
  3100 | D:5      | Found a stormy altar of Qazlal.
  3139 | D:5      | Annihilated by an ogre

Illustrated notes

Levels and vault maps discovered:
D:1:      spicycebolla_arrival_xxxplode, layout_basic, basic_ecumenical_altar
D:2:      layout_basic
D:3:      layout_basic, mainiacjoe_overflow_boulevard, uniq_natasha, uniq_ijyb,
          uniq_jessica
D:4:      layout_loops_ring, nicolae_overflow_crystal_walls
D:5:      layout_cave_pools, kiku_gazebo_garden_becter,
          mainiacjoe_overflow_cross_hatched, mainiacjoe_overflow_chevrons,
          serial_rivers, chequers_serial_rivers_micro_a,
          chequers_serial_rivers_small_a, chequers_serial_rivers_room_a,
          chequers_serial_rivers_large_b, corexii_leaking_fountain,
          chequers_serial_rivers_marsh, grunt_decor_mini_mirrors

Skill      XL: |  1  2  3  4  5  6  7 |
---------------+----------------------+-----
Fighting       | 1 2 |  2.6
Dodging        | 2 3 |  3.6
Unarmed Combat | 4 5 |  5.3
Evocations     | 1 |  1.8
Shapeshifting  | 4 |  4.2
Stealth        | |  0.6

Action                     |  1- 3 |  4- 6 |  7- 9 || total
---------------------------+-------+-------+-------++-------
  Melee: Unarmed           |    80 |   117 |    38 ||   235
         Punch             |     4 |     7 |       ||    11
    Use: Scroll            |       |     4 |     6 ||    10
         Potion            |       |       |     1 ||     1
   Stab: Sleeping          |     1 |     2 |       ||     3
 Armour: Animal skin       |    27 |    24 |     7 ||    58
  Dodge: Dodged            |    37 |    44 |    18 ||    99

Table legend: (Time is in decaauts)
 A = Elapsed time spent in this place.
 B = Non-inter-level travel time spent in this place.
 C = Inter-level travel time spent in this place.
 D = Time resting spent in this place.
 E = Time spent auto-exploring this place.
 F = Levels seen in this place.
 G = Mean time per level.
                   A        B        C        D        E       F      G
               +--------+--------+--------+--------+--------+-----+--------+
         Total |   3126 |   3126 |      0 |    126 |   1765 |   5 |  625.2 |
       Dungeon |   3126 |   3126 |      0 |    126 |   1765 |   5 |  625.2 |
               +--------+--------+--------+--------+--------+-----+--------+

Top non-repeatable levels by time:
     D:3: 875 daAuts
     D:4: 856 daAuts
     D:2: 629 daAuts
     D:1: 492 daAuts
     D:5: 272 daAuts
